 Dungeon Crawl Stone Soup version 0.26.1-11-gd32895ea62 (webtiles) character file.

Game seed: 11567913437300541730

2171 Arsuriii the Carver (level 9, -3/70 HPs)
             Began as a Barachi Fighter on Apr 20, 2021.
             Was a Follower of Trog.
             Slain by a hellwing (5 damage)
             ... created by the fury of Makhleb
             ... on level 8 of the Dungeon on Apr 21, 2021.
             The game lasted 00:24:30 (9314 turns).

Arsuriii the Carver (Barachi Fighter)               Turns: 9314, Time: 00:24:30

Health: -3/70      AC:  8    Str: 20    XL:     9   Next: 32%
Magic:  0/9        EV: 11    Int: 10    God:    Trog [*.....]
Gold:   453        SH: 10    Dex: 11    Spells: 8/8 levels left

rFire    + + .     SeeInvis .   a - +0 long sword
rCold    + . .     Faith    .   c - +0 kite shield
rNeg     . . .     Spirit   +   M - +0 steam dragon scales
rPois    .         Reflect  .   A - +1 helmet
rElec    .         Harm     .   (no cloak)
rCorr    +         Rampage  .   (no gloves)
Will     .....                  (no boots)
Stlth    ++........             F - amulet of guardian spirit
HPRegen  0.21/turn              n - ring of protection from fire
MPRegen  0.11/turn              y - ring of resist corrosion

@: brilliant, berserk cooldown, attractive, slowed, very slow
A: +LOS, swims, blurry vision 2, cold resistance 1, fire resistance 1, slowness
1, strong legs 1
a: Hop, Renounce Religion, Berserk


You were on level 8 of the Dungeon.
You worshipped Trog.
Trog was aware of your devotion.
You visited 2 branches of the dungeon, and saw 9 of its levels.

You collected 453 gold pieces.

Inventory:

Hand Weapons
 a - a +0 long sword (weapon)
Armour
 b - a +0 scale mail
 c - a +0 kite shield (worn)
 A - a +1 helmet (worn)
 M - +0 steam dragon scales (worn)
Jewellery
 e - an uncursed ring of poison resistance
 n - a ring of protection from fire (left hand)
 q - an uncursed ring of willpower
 v - a +6 ring of intelligence
 x - an uncursed amulet of magic regeneration
 y - a ring of resist corrosion (right hand)
 D - an uncursed amulet of faith
 F - an amulet of guardian spirit (around neck)
Wands
 C - a wand of disintegration (15)
 I - a wand of acid (8)
 K - a wand of polymorph (7)
 L - a wand of paralysis (13)
 O - a wand of iceblast (10)
Scrolls
 d - 2 scrolls of fog {unknown}
 f - 11 scrolls of identify {unknown}
 i - 2 scrolls of immolation {unknown}
 l - a scroll of enchant weapon {unknown}
 r - 8 scrolls of remove curse {unknown}
 t - 2 scrolls of fear {unknown}
 w - a scroll of amnesia {unknown}
 B - a scroll of noise {unknown}
 E - a scroll of acquirement {unknown}
 G - 3 scrolls of teleportation {unknown}
 N - a scroll of magic mapping {unknown}
Potions
 g - a potion of brilliance
 m - a potion of mutation
 o - 3 potions of berserk rage
 p - 2 potions of haste {unknown}
 s - a potion of resistance {unknown}
 u - a potion of magic {unknown}
 z - 2 potions of invisibility {unknown}


   Skills:
 + Level 6.3 Fighting
 + Level 9.4 Long Blades
 + Level 6.6 Armour
 + Level 3.7 Dodging
 + Level 1.2 Stealth
 + Level 6.8 Shields


You had 8 spell levels left.
You didn't know any spells.
Your spell library was empty.

Dungeon Overview and Level Annotations

Branches:
Dungeon (8/15)             Temple (1/1) D:5
   Lair: D:8-11

Altars:
Ashenzari
Cheibriados
Dithmenos
Elyvilon
Fedhas
Gozag
Hepliaklqana
Kikubaaqudgha
Makhleb
Nemelex Xobeh
Okawaru
Qazlal
Ru
Sif Muna
Trog
Uskayaw
Vehumet
Wu Jian
Xom
Yredelemnul
Zin
The Shining One


Innate Abilities, Weirdness & Mutations

You can be seen from farther away. (+LOS)
You can swim through water.
You cover ground slowly.
You can hop short distances.
Scrolls take you longer to read.
Your flesh is cold resistant. (rC+)
Your flesh is heat resistant. (rF+)


Message History

* * * LOW HITPOINT WARNING * * *
The jackal is pulled toward you!
You feel a strong urge to attack something.
You feel your anger nearly subside.
A jackal comes into view.
The hellwing is pulled toward you! The jackal is pulled toward you!
You are no longer berserk.
You are exhausted.
You feel yourself slow down.
The jackal barks!
The jackal is pulled toward you! You block the hellwing's attack. x2
The hellwing hits you.
* * * LOW HITPOINT WARNING * * *
The hellwing hits you.
* * * LOW HITPOINT WARNING * * *
The hellwing misses you.
You riposte.
You closely miss the hellwing.
The hellwing is lightly wounded.
You block the hellwing's attack. The hellwing hits you.
You die...

....#.# #........_..#
#.#.#.####...........#
...................#
#...#.###..........#
#...#.# #.####.###.#
#.#.#.# #.####.#
#.####.# #.#...#
#......###h.....##
#.##..#
#####..#.4h......#
#.##..###
#<#..#@#######.#
#....>..# #.#..#.#
#.......###.#..#.#
#........†.....#.#
#...........##.#.#
#####.##.#####.#..
#...... ..... ####.###
### .##


You could see a hellwing and 2 jackals.

Vanquished Creatures
  A cyclops (D:8)
  A steam dragon (D:7)
  A water moccasin (D:7)
  2 ice beasts
  2 sky beasts
  An orc warrior (D:7)
  A black bear (D:4)
  Blork the orc (D:4)
  2 bullfrogs (D:7)
  2 scorpions (D:7)
  5 hounds
  2 jellies
  2 orc priests
  2 orc wizards
  A bullfrog skeleton (D:6)
  2 worker ants
  10 adders
  A shadow imp (D:7)
  4 white imps
  3 ufetubi
  2 adder zombies
  3 adder skeletons
  2 worms
  3 dart slugs
  9 leopard geckos
  25 orcs
  14 bats
  9 giant cockroaches
  10 goblins
  2 hobgoblins
  10 jackals
  12 kobolds
  3 quokkas
  2 ball pythons
  3 frilled lizards
  12 rats
167 creatures vanquished.

Vanquished Creatures (others)
  39 plants (D:8)
39 creatures vanquished.

Grand Total: 206 creatures vanquished

Notes
Turn   | Place    | Note
-------+----------+-------------------------------------------
     0 | D:1      | Arsuriii the Barachi Fighter began the quest for the Orb.
     0 | D:1      | Reached XP level 1. HP: 18/18 MP: 1/1
   194 | D:1      | Reached XP level 2. HP: 25/25 MP: 2/2
   310 | D:1      | Reached skill level 3 in Long Blades
   760 | D:2      | Reached XP level 3. HP: 29/30 MP: 3/3
  1001 | D:2      | Reached skill level 4 in Long Blades
  1005 | D:2      | Reached XP level 4. HP: 14/37 MP: 4/4
  2459 | D:3      | Reached skill level 1 in Dodging
  2459 | D:3      | Reached XP level 5. HP: 19/42 MP: 5/5
  2648 | D:3      | Reached skill level 5 in Long Blades
  3816 | D:4      | Reached XP level 6. HP: 17/49 MP: 6/6
  4024 | D:4      | Noticed Blork the orc
  4043 | D:4      | Killed Blork the orc
  4126 | D:4      | Found an ornate altar of the Wu Jian Council.
  4435 | D:4      | Noticed a black bear
  4451 | D:4      | Killed a black bear
  4452 | D:4      | Reached skill level 6 in Long Blades
  4452 | D:4      | Reached skill level 5 in Armour
  4452 | D:4      | Reached XP level 7. HP: 36/55 MP: 7/7
  4461 | D:4      | Reached skill level 5 in Shields
  5258 | D:5      | Entered Level 5 of the Dungeon
  5861 | D:5      | Found a staircase to the Ecumenical Temple.
  5918 | Temple   | Entered the Ecumenical Temple
  5955 | Temple   | Became a worshipper of Makhleb the Destroyer
  6004 | Temple   | Fell from the grace of Makhleb
  6004 | Temple   | Became a worshipper of Trog the Wrathful
  6698 | D:6      | Reached skill level 5 in Fighting
  6963 | D:6      | Reached * piety under Trog
  7190 | D:6      | Reached XP level 8. HP: 61/62 MP: 8/8
  7237 | D:6      | Reached skill level 7 in Long Blades
  8121 | D:7      | Reached skill level 8 in Long Blades
  8551 | D:7      | Reached XP level 9. HP: 40/69 MP: 5/9
  8741 | D:7      | Reached skill level 9 in Long Blades
  8933 | D:8      | Noticed a cyclops
  8963 | D:8      | Killed a cyclops
  8964 | D:8      | Reached skill level 1 in Stealth
  9227 | D:8      | Found a glowing silver altar of Zin.
  9228 | D:8      | Found a radiant altar of Vehumet.
  9228 | D:8      | Found an iron altar of Okawaru.
  9229 | D:8      | Found a basalt altar of Yredelemnul.
  9242 | D:8      | Noticed a hellwing
  9304 | D:8      | HP: 3/70 [hellwing[the fury of Makhleb] (2)]
  9305 | D:8      | Gained mutation: Your flesh is cold resistant. (rC+)
                  | [potion of mutation]
  9305 | D:8      | Gained mutation: Scrolls take you a little longer to read.
                  | [potion of mutation]
  9305 | D:8      | Gained mutation: Scrolls take you longer to read. [potion
                  | of mutation]
  9305 | D:8      | Gained mutation: Your flesh is heat resistant. (rF+)
                  | [potion of mutation]
  9312 | D:8      | HP: 2/70 [hellwing[the fury of Makhleb] (1)]
  9314 | D:8      | Slain by a hellwing

Illustrated notes

Levels and vault maps discovered:
D:1:      eino_arrival_water_star, layout_loops_ring, minmay_heptomino_l4
D:2:      minmay_general_purpose_star, layout_rooms, serial_co_window_serial,
          co_window_paths_a, co_window_of_opportunity_a, co_window_corner_a,
          co_window_paths_b, co_window_paths_b, co_window_of_opportunity_a,
          co_window_of_opportunity_a, co_window_of_opportunity_b,
          co_window_2corner, co_window_corner_b, co_window_2corner,
          co_window_corner_b, glass_columns_b, glass_columns_a, glass_columns_b,
          glass_columns_b, glass_columns_a, minivault_14
D:3:      layout_rooms, st_stairs_3, minmay_misc_feat_plants,
          minmay_fractal_squares_diagonal_5
D:4:      layout_loops_cross, nzn_wu_jian_contemplation, uniq_blork_the_orc
D:5:      layout_basic, temple_statues
D:6:      layout_loops_ring, gup_sewer_entry_pipe
D:7:      layout_basic
D:8:      layout_basic, chequers_temple_overflow_statue_of_worship,
          david_lair_shrubbed, serial_aquarium, aquarium_bridge_square
          [aquarium_subvault_balcony, aquarium_subvault_bridge,
          aquarium_subvault_window, aquarium_subvault_wall],
          aquarium_bridge_square [aquarium_subvault_bridge,
          aquarium_subvault_balcony, aquarium_subvault_wall,
          aquarium_subvault_balcony], aquarium_window_1, aquarium_window_corner,
          aquarium_window_1, aquarium_window_corridor_2, aquarium_view_2d,
          aquarium_view_2c, aquarium_balcony_5b, aquarium_pool_corner
Temple:   minmay_crystal_spiral_temple

Skill      XL: |  1  2  3  4  5  6  7  8  9 |
---------------+----------------------------+-----
Long Blades    | 3 4 5 6 8 9 |  9.4
Armour         | 4 5 6 |  6.6
Fighting       | 4 5 6 |  6.3
Dodging        | 1 2 3 |  3.7
Shields        | 4 5 6 |  6.8
Stealth        | 1 |  1.2

Action                   |  1- 3 |  4- 6 |  7- 9 || total
-------------------------+-------+-------+-------++-------
Melee: Long sword        |   100 |   217 |   403 ||   720
Evoke: Wand              |       |       |     1 ||     1
  Use: Potion            |       |     2 |    15 ||    17
Armor: Scale mail        |    84 |   185 |   127 ||   396
       Steam dragon scal |       |       |    40 ||    40
Dodge: Dodged            |    67 |   129 |   178 ||   374
Block: Kite shield       |    88 |   204 |   231 ||   523
       Rpst.: Long sword |    22 |    40 |    46 ||   108
